cohdb
Replays
Latest Replays
All Replays
Popular Replays
Top Player Replays
Match Explorer
How It Works
Community
CoH3 Stats
Reddit
Sign in to upload your games and track your stats! →
Sign in with Steam
Match 41448059
Unlisted
Match 41448059
Overview
Messages
Build Orders
End
Construct Weapon Support Center
Scout Squad
M1919 Machine Gun Team
Selects Armored Battlegroup
Selects Assault Engineers
Assault Engineer Squad
M1919 Machine Gun Team
Scout Squad
Mechanized Support Center
Scout Squad
M3 Armored Personnel Carrier
Selects Fast Deploy
Bazooka Squad
Construct Medical Station
Designate Forward Repair Station
Mortar Pit
Construct Motor Pool
Selects M31 Recovery Vehicle
M3 75 mm Gun Motor Carriage
M3 75 mm Gun Motor Carriage
Selects War Machine
Assault Engineer Squad
M3 75 mm Gun Motor Carriage
Salvage Crew
Rapid Repairs
Improvised Armor
.30 cal Machine Gun
.30 cal Machine Gun
M3 75 mm Gun Motor Carriage
Selects Seek and Destroy
Mortar Pit
M3 Armored Personnel Carrier
.30 cal Machine Gun
Construct Tank Depot
-AL- Nimahfrosch
yesman55
KevinTDW
HOLIVE
0
0
Comments
sign in to comment!
No comments posted yet!